 Dungeon Crawl Stone Soup version 0.17.0-28-g6e173f8 (webtiles) character file.

1486 septik the Carver (level 8, -1/52 HPs)
             Began as an Octopode Fighter on Nov 30, 2015.
             Was a Believer of Dithmenos.
             Killed by divine providence
             ... invoked by an orc priest
              (12 damage)
             ... on level 6 of the Dungeon.
             The game lasted 00:13:34 (5499 turns).

septik the Carver (Octopode Fighter)                Turns: 5499, Time: 00:13:35

Health: -1/52      AC:  1    Str: 22    XL:     8   Next: 80%
Magic:  8/8        EV: 10    Int: 10    God:    Dithmenos [**....]
Gold:   188        SH:  9    Dex: 13    Spells: 0 memorised, 7 levels left

rFire  x . .     SeeInvis .     K - +0 short sword (venom)
rCold  + . .     Clarity  .     b - +0 shield
rNeg   . . .     SustAt   .     (helmet restricted)
rPois  .         Gourm    .     u - amulet of rage
rElec  .         Spirit   .     t - +6 ring of strength
rCorr  .         Warding  .     (no ring)
rMut   .         Stasis   .     x - ring of ice
MR     .....                    (no ring)
Stlth  +++.......               (no ring)
                                (no ring)
                                (no ring)
                                (no ring)

@: wreathed by umbra, not resistant to hostile enchantments, fairly stealthy
A: almost no armour, amphibious, 8 rings, constrict 8, camouflage 1, gelatinous
body 1
a: Shadow Step, Renounce Religion, Evoke Berserk Rage


You were on level 6 of the Dungeon.
You worshipped Dithmenos.
Dithmenos was pleased with you.
You were not hungry.

You visited 1 branch of the dungeon, and saw 6 of its levels.

You collected 188 gold pieces.

Inventory:

Hand Weapons
 a - a +0 long sword
 e - a +2 mace of draining
 w - a +0 great sword
 I - a +3 dagger
 K - a +0 short sword of venom (weapon)
Missiles
 g - 104 stones (quivered)
 q - 23 poisoned needles
Armour
 b - a +0 shield (worn)
Jewellery
 t - a +6 ring of strength (left tentacle)
 u - an amulet of rage (around mantle)
 x - a ring of ice (on tentacle)
 N - an uncursed ring of teleportation
Scrolls
 i - 5 scrolls of identify
 m - 3 scrolls of remove curse
 o - 2 scrolls of immolation {unknown}
 p - 2 scrolls of amnesia {unknown}
 s - a scroll of noise {unknown}
 y - a scroll of enchant weapon {unknown}
 E - a scroll of blinking {unknown}
 G - a scroll of teleportation {unknown}
 H - a scroll of fog {unknown}
 M - a scroll of enchant armour {unknown}
 O - a scroll of fear {unknown}
Potions
 c - a potion of might
 f - a potion of heal wounds
 j - a potion of haste {unknown}
 k - a potion of flight {unknown}
 n - 3 potions of curing {unknown}
 r - 2 potions of magic {unknown}
 A - a potion of cancellation {unknown}
 B - 3 potions of mutation {unknown}
 C - a potion of agility {unknown}
 D - a potion of ambrosia {unknown}
 F - a potion of brilliance {unknown}
 J - a potion of resistance {unknown}
 L - a potion of lignification {unknown}
 P - a potion of degeneration {unknown}
Books
 v - a book of Clouds

   Spells                             Type                      Level
   a - Mephitic Cloud                 Conjuration/Poison/Air       3
   b - Conjure Flame                  Conjuration/Fire             3
   c - Poisonous Cloud                Conjuration/Poison/Air       6
   d - Freezing Cloud                 Conjuration/Ice/Air          6
   e - Ring of Flames                 Charms/Fire                  7
Comestibles
 d - 4 bread rations
 h - a slice of pizza
 l - a beef jerky
 z - 2 meat rations


   Skills:
 - Level 3.0 Fighting
 + Level 10.7 Long Blades
 - Level 3.0 Dodging
 - Level 3.0 Shields


You had 7 spell levels left.
You didn't know any spells.

Dungeon Overview and Level Annotations

Branches:
Dungeon (6/15)
 Temple: D:4-7

Altars:
Dithmenos
Makhleb
Xom

Annotations:
D:3 exclusion: ice beast


Innate Abilities, Weirdness & Mutations

You cannot wear most types of armour.
You are amphibious.
You can wear up to eight rings at the same time.
You can use your tentacles to constrict eight enemies at once.
Your skin changes colour to match your surroundings (Stealth).
Your rubbery body absorbs attacks (AC +1).


Message History

You kill the orc!
Dithmenos accepts your kill.
The orc priest miscasts a cantrip.
You hit the orc priest but do no damage.
You grab the orc priest.
You constrict the orc priest, but do no damage.
The orc priest calls down the wrath of Beogh upon you.
Something smites you! The orc hits you with a club.
The orc priest hits you with a dagger.
An ogre comes into view. It is wielding a giant spiked club.
You release your grip on the orc priest.
The orc priest mumbles some strange prayers to Beogh against you.
Something smites you!
* * * LOW HITPOINT WARNING * * *
An orc comes into view. It is wielding a mace.
The orc shouts!
A giant cockroach comes into view.
The orc priest mumbles some strange prayers to Beogh against you.
Something smites you!
You die...

#<........#
##........####### #
................. #.##
##.........#######
.......##......#.....#
#
#..#o.##.....##.###.#
###. .s..
#............# ....
##.#####.####.#####
####..####@......#
#.....#
..O...)oo.########
###.... #####oo####
#.... #.. ##.## ....
.. ##### ##. .


You could see 3 orc priests, 2 orcs and a giant cockroach (wandering).

Vanquished Creatures
  Pikel (D:5)
  Eustachio (D:5)
  4 slaves (D:5)
  An ogre (D:5)
  An ice beast (D:5)
  A necrophage (D:5)
  A wyvern zombie (D:6)
  A scorpion (D:4)
  2 crimson imps (D:5)
  2 orc priests
  2 orc wizards (D:4)
  2 hounds (D:4)
  A giant frog skeleton (D:5)
  A worker ant (D:4)
  A hound skeleton (D:4)
  3 gnolls (D:5)
  8 adders
  An ooze (D:2)
  An adder zombie (D:5)
  3 worms
  A giant gecko (D:3)
  20 orcs
  4 bats
  8 goblins
  11 hobgoblins
  9 kobolds
  4 quokkas
  2 ball pythons (D:2)
  3 giant cockroaches
  3 giant newts
  2 jackals (D:5)
  6 rats
111 creatures vanquished.

Notes
Turn   | Place    | Note
--------------------------------------------------------------
     0 | D:1      | septik the Octopode Fighter began the quest for the Orb.
     0 | D:1      | Reached XP level 1. HP: 16/16 MP: 1/1
   129 | D:1      | Reached XP level 2. HP: 17/21 MP: 2/2
   578 | D:1      | Reached XP level 3. HP: 22/26 MP: 3/3
   771 | D:2      | Found a burning altar of Makhleb.
   771 | D:2      | Found a shadowy altar of Dithmenos.
   775 | D:2      | Became a worshipper of Dithmenos the Shadowed
   978 | D:2      | Found a shimmering altar of Xom.
  1088 | D:2      | Reached skill level 4 in Long Blades
  1219 | D:2      | Reached XP level 4. HP: 31/31 MP: 4/4
  1474 | D:3      | Noticed an ice beast
  1792 | D:3      | Reached * piety under Dithmenos
  1906 | D:3      | Reached skill level 5 in Long Blades
  1906 | D:3      | Reached XP level 5. HP: 33/36 MP: 5/5
  2362 | D:4      | Reached skill level 6 in Long Blades
  2373 | D:4      | Reached XP level 6. HP: 28/42 MP: 6/6
  3119 | D:4      | Reached skill level 7 in Long Blades
  3505 | D:4      | Reached XP level 7. HP: 46/46 MP: 7/7
  3596 | D:5      | Entered Level 5 of the Dungeon
  3834 | D:5      | Noticed Eustachio
  3850 | D:5      | Reached skill level 8 in Long Blades
  3868 | D:5      | Killed Eustachio
  4052 | D:5      | Reached ** piety under Dithmenos
  4053 | D:5      | Noticed Pikel
  4584 | D:5      | Killed Pikel
  4584 | D:5      | Reached skill level 10 in Long Blades
  4584 | D:5      | Reached XP level 8. HP: 29/52 MP: 8/8
  5499 | D:6      | Killed from afar by an orc priest

Action                   |  1- 3 |  4- 6 |  7- 9 || total
-------------------------+-------+-------+-------++-------
Melee: Mace              |    60 |    72 |       ||   132
       Dagger            |       |    12 |     6 ||    18
       Short sword       |       |       |    93 ||    93
Throw: Stone             |       |    10 |       ||    10
  Use: Scroll            |       |       |     2 ||     2
 Stab: Sleeping          |     5 |     4 |     1 ||    10
       Distracted        |     1 |     1 |       ||     2
  Eat: Chunk             |     1 |     7 |     6 ||    14
